 Dungeon Crawl Stone Soup version 0.29-a0-821-g66395355a5 (webtiles) character file.

Game seed: 12293911901274856934

1084 HoaS the Skirmisher (level 8, -1/44 HPs)
             Began as a Kobold Hunter on July 7, 2022.
             Slain by a gnoll
             ... wielding a +3 spear
              (7 damage)
             ... on level 5 of the Dungeon.
             The game lasted 00:07:16 (3726 turns).

HoaS the Skirmisher (Kobold Hunter)                 Turns: 3726, Time: 00:07:17

Health: -1/44      AC:  6    Str:  8    XL:     8   Next: 55%
Magic:  8/8        EV: 14    Int: 10    God:
Gold:   136        SH:  5    Dex: 21    Spells: 7/7 levels left

rFire   + . .      SeeInvis .   a - +1 shortbow
rCold   . . .      Faith    .   (shield currently unavailable)
rNeg    . . .      Spirit   .   c - +1 leather armour
rPois   .          Reflect  +   (no helmet)
rElec   .          Harm     .   (no cloak)
rCorr   .          Rampage  .   m - +0 pair of gloves
Will    .....                   e - +0 pair of boots
Stlth   +++.......              g - amulet of reflection
HPRegen 0.14/turn               j - +1 ring of slaying
MPRegen 0.11/turn               h - ring of protection from fire

@: no status effects
A: small, no large weapons, nightstalker 3
a: no special abilities


You were on level 5 of the Dungeon.
You visited 1 branch of the dungeon, and saw 5 of its levels.

You collected 208 gold pieces.
You spent 72 gold pieces at shops.

Inventory:

Hand Weapons
 a - a +1 shortbow (weapon)
Armour
 c - a +1 leather armour (worn)
 e - a +0 pair of boots (worn)
 m - a +0 pair of gloves (worn)
Jewellery
 g - an amulet of reflection (around neck)
 h - a ring of protection from fire (right hand)
 j - a +1 ring of slaying (left hand)
 l - a ring of protection from fire
Wands
 n - a wand of digging (5)
 q - a wand of charming (22)
Scrolls
 b - 4 scrolls of immolation
 f - 2 scrolls of identify
 k - 3 scrolls of teleportation
 r - a scroll of brand weapon {unknown}
Potions
 d - 5 potions of curing
 i - a potion of flight
 o - a potion of attraction
 p - a potion of cancellation


   Skills:
 - Level 2.1 Fighting
 + Level 13.3 Ranged Weapons
 - Level 2.4 Dodging
 - Level 1.3 Stealth


You had 7 spell levels left.
You didn't know any spells.
Your spell library contained the following spells:

 Spells                   Type           Power      Damage    Failure   Level
 Foxfire                  Conj/Fire      0%         2x1d4     50%         1
 Magic Dart               Conj           0%         1d3       50%         1
 Summon Small Mammal      Summ           0%         N/A       50%         1
 Call Imp                 Summ           0%         N/A       63%         2
 Ensorcelled Hibernation  Hex/Ice        0%         N/A       63%         2
 Mephitic Cloud           Conj/Pois/Air  0%         N/A       86%         3
 Spider Form              Tmut/Pois      0%         N/A       86%         3
 Anguish                  Hex/Necr       0%         N/A       99%         4


Dungeon Overview and Level Annotations

Branches:
Dungeon (5/15)
 Temple: D:4-7

Altars:
Cheibriados
Sif Muna
Trog

Shops:
D:1 =   D:2 (   D:5 ?


Innate Abilities, Weirdness & Mutations

You are small and have problems with some larger weapons.
You are completely attuned to the shadows.


Message History

You shoot an arrow.
The arrow hits the gnoll but does no damage.
The gnoll hits you from afar with a +3 spear!
The gnoll misses you.
You shoot an arrow.
The arrow hits the gnoll but does no damage.
The gnoll hits you from afar with a +3 spear.
You block the gnoll's attack.
You shoot an arrow. The arrow hits the gnoll!
The gnoll is severely wounded.
The gnoll hits you from afar with a +3 spear!
The gnoll barely misses you.
You are too injured to fight recklessly!
You are too injured to fight recklessly!
You are too injured to fight recklessly!
You are too injured to fight recklessly!
Fire: a) +1 shortbow
Press: ? - help, Q - select action, (/) - cycle Shift-Dir - straight line, f/p - gnoll
Aim: a gnoll, wielding a +0 flail (severely wounded, 73% to hit)
You shoot an arrow. The arrow barely misses the gnoll.
The gnoll hits you with a +0 flail.
* * * LOW HITPOINT WARNING * * *
You block the gnoll's attack.
Fire: a) +1 shortbow
Press: ? - help, Q - select action, (/) - cycle Shift-Dir - straight line, f/p - gnoll
Aim: a gnoll, wielding a +0 flail (severely wounded, 73% to hit)
You shoot an arrow.
The arrow hits the gnoll but does no damage.
The gnoll is severely wounded.
The gnoll hits you from afar with a +3 spear.
* * * LOW HITPOINT WARNING * * *
The gnoll misses you.
A dart slug comes into view.
Fire: a) +1 shortbow
Press: ? - help, Q - select action, (/) - cycle Shift-Dir - straight line, f/p - gnoll
Aim: a gnoll, wielding a +0 flail (severely wounded, 73% to hit)
You shoot an arrow. The arrow hits the gnoll!
You kill the gnoll!
The gnoll hits you from afar with a +3 spear!
You die...

.....#
....[# #
#..w.# ^
##....##..
.
#...g.....
.
#..).#####
. #...@)##
. #..#...#
# ##.##..#
#.#####
#.##..#
#.#...#
#....##
#...#####
#........


You could see a gnoll and a dart slug.

Vanquished Creatures
  Eustachio (D:5)
  An orc warrior (D:5)
  3 ogres
  A scorpion (D:4)
  4 hounds
  2 jellies
  2 orc priests
  2 iguanas
  An iron imp (D:4)
  An orc wizard (D:5)
  5 gnolls
  7 adders
  5 worms (D:5)
  A dart slug (D:2)
  9 orcs
  6 ball pythons
  3 bats (D:2)
  6 endoplasms
  3 giant cockroaches
  5 goblins
  9 hobgoblins
  6 jackals
  6 quokkas
  3 frilled lizards
  6 kobolds
  4 rats
102 creatures vanquished.

Notes
Turn   | Place    | Note
-------+----------+-------------------------------------------
     0 | D:1      | HoaS the Kobold Hunter began the quest for the Orb.
     0 | D:1      | Reached XP level 1. HP: 12/12 MP: 1/1
   256 | D:1      | Reached XP level 2. HP: 17/17 MP: 2/2
   271 | D:1      | Reached skill level 6 in Ranged Weapons
   585 | D:1      | Found a faded altar of an unknown god.
   687 | D:1      | Found Hyladua's One-of-a-Kind Rings.
   893 | D:1      | Reached XP level 3. HP: 21/21 MP: 3/3
   969 | D:1      | Bought a +1 ring of slaying for 72 gold pieces
  1062 | D:2      | Found Yfiridob's Weapon Shop.
  1154 | D:2      | Reached skill level 7 in Ranged Weapons
  1154 | D:2      | Reached XP level 4. HP: 26/26 MP: 4/4
  1860 | D:3      | Reached skill level 8 in Ranged Weapons
  1860 | D:3      | Reached XP level 5. HP: 30/30 MP: 5/5
  2492 | D:4      | Reached skill level 9 in Ranged Weapons
  2492 | D:4      | Reached XP level 6. HP: 35/35 MP: 6/6
  2664 | D:4      | Found a snail-covered altar of Cheibriados.
  2737 | D:4      | Noticed an ogre
  2745 | D:4      | Killed an ogre
  2746 | D:4      | Reached skill level 10 in Ranged Weapons
  2748 | D:4      | Reached XP level 7. HP: 40/40 MP: 7/7
  3143 | D:5      | Entered Level 5 of the Dungeon
  3157 | D:5      | Reached skill level 11 in Ranged Weapons
  3391 | D:5      | Found a bloodstained altar of Trog.
  3400 | D:5      | Reached XP level 8. HP: 40/44 MP: 8/8
  3407 | D:5      | Found a shimmering blue altar of Sif Muna.
  3411 | D:5      | Got Sif Muna's Volume of Apparitions and Thermatology
  3424 | D:5      | Reached skill level 12 in Ranged Weapons
  3482 | D:5      | Found Zodikkoj's Magic Scroll Emporium.
  3511 | D:5      | Noticed Eustachio
  3557 | D:5      | Killed Eustachio
  3558 | D:5      | Reached skill level 13 in Ranged Weapons
  3726 | D:5      | Slain by a gnoll

Illustrated notes

Levels and vault maps discovered:
D:1:      roderic_crossed_star, layout_loops_ring,
          ebering_ecumenical_altar_rust, nicolae_shop_unique_rings,
          roderic_lattice_a, nrook_uturn
D:2:      layout_basic, serial_shops, shop
D:3:      layout_basic, grunt_ministairs_4, minmay_misc_feat_cross
D:4:      layout_basic, slow_altar_2
D:5:      layout_basic, nzn_overflow_gifts_of_might_and_magic, serial_shops,
          shop, roderic_malta_cross, nicolae_wormholes, uniq_eustachio,
          uniq_menkaure

Skill      XL: |  1  2  3  4  5  6  7  8 |
---------------+-------------------------+-----
Ranged Weapons | 6 7 8 9 10 11 13 | 13.3
Fighting       | |  2.1
Dodging        | |  2.4
Stealth        | |  1.3

Action                   |  1- 3 |  4- 6 |  7- 9 || total
-------------------------+-------+-------+-------++-------
 Fire: Shortbow          |    54 |    92 |   154 ||   300
  Use: Scroll            |     5 |     6 |     2 ||    13
       Potion            |       |     1 |       ||     1
Armor: Leather armour    |     5 |     9 |    11 ||    25
Dodge: Dodged            |     9 |    17 |    41 ||    67
Block: Other             |     3 |     7 |    20 ||    30

Table legend: (Time is in decaauts)
 A = Elapsed time spent in this place.
 B = Non-inter-level travel time spent in this place.
 C = Inter-level travel time spent in this place.
 D = Time resting spent in this place.
 E = Time spent auto-exploring this place.
 F = Levels seen in this place.
 G = Mean time per level.
                   A        B        C        D        E       F      G
               +--------+--------+--------+--------+--------+-----+--------+
         Total |   3743 |   3614 |    129 |    501 |   2576 |   5 |  748.6 |
       Dungeon |   3743 |   3614 |    129 |    501 |   2576 |   5 |  748.6 |
               +--------+--------+--------+--------+--------+-----+--------+

Top non-repeatable levels by time:
     D:1: 997 daAuts
     D:4: 841 daAuts
     D:2: 787 daAuts
     D:3: 588 daAuts
     D:5: 528 daAuts
